 Dungeon Crawl Stone Soup version 0.18-a0-1350-g404b4cb (webtiles) character file.

630 namelastname112 the Inquisitive (level 7, 20/57 HPs)
             Began as a Mottled Draconian Artificer on Feb 18, 2016.
             Was a Follower of Pakellas.
             Quit the game on level 5 of the Dungeon.
             The game lasted 00:09:37 (6047 turns).

namelastname112 the Inquisitive (DrAr)              Turns: 6047, Time: 00:09:37

Health: 20/57      AC:  7    Str: 13    XL:     7   Next: 24%
Magic:  11/11      EV: 13    Int: 12    God:    Pakellas [*.....]
Gold:   272        SH:  0    Dex: 14    Spells: 0 memorised, 6 levels left

rFire  . . .     SeeInvis .     q - +0 hand axe
rCold  . . .     Gourm    +     (armour unavailable)
rNeg   . . .     Faith    .     (no shield)
rPois  .         Spirit   .     (helmet restricted)
rElec  .         Dismiss  .     p - +0 cloak
rCorr  .         Reflect  .     (no gloves)
SustAt .         Harm     .     (no boots)
MR     .....                    D - amulet of the gourmand
Stlth  ++........               (no ring)
                                (no ring)

@: mildly poisoned (20 -> 19), not resistant to hostile enchantments, unstealthy
A: breathe sticky flame splash, unfitting armour, cold-blooded, AC +6
a: Breathe Sticky Flame, Quick Charge, Renounce Religion


You were on level 5 of the Dungeon.
You worshipped Pakellas.
Pakellas was aware of your devotion.
You were full.

You visited 1 branch of the dungeon, and saw 5 of its levels.

You collected 272 gold pieces.

Inventory:

Hand Weapons
 q - a +0 hand axe (weapon)
Armour
 p - a +0 cloak (worn)
Jewellery
 w - an uncursed ring of ice
 D - an amulet of the gourmand (around neck)
Wands
 b - a wand of flame (6/48)
 c - a wand of enslavement (10/24)
 d - a wand of random effects (15/48)
Scrolls
 i - 2 scrolls of fear {unknown}
 k - a scroll of recharging {unknown}
 l - 6 scrolls of identify {unknown}
 n - 2 scrolls of magic mapping {unknown}
 o - 2 scrolls of blinking {unknown}
 r - a scroll of remove curse {unknown}
 u - 2 scrolls of amnesia {unknown}
 y - 4 scrolls of immolation {unknown}
 z - a scroll of enchant armour {unknown}
Potions
 e - a potion of haste {unknown}
 h - a potion of invisibility {unknown}
 j - a potion of degeneration {unknown}
 m - 3 potions of berserk rage {unknown}
 s - 2 potions of brilliance {unknown}
 t - a potion of magic {unknown}
 v - 2 potions of heal wounds {unknown}
 x - 2 potions of curing {unknown}
 A - 2 potions of resistance {unknown}
 B - a potion of might {unknown}
 E - a potion of mutation {unknown}
Comestibles
 f - 5 bread rations
 g - 3 meat rations
 C - 2 royal jellies


   Skills:
 + Level 3.6 Fighting
   Level 1.0 Short Blades
 * Level 3.9 Axes
 + Level 3.3 Dodging
 - Level 0.8 Stealth
 * Level 5.6 Evocations


You had 6 spell levels left.
You didn't know any spells.

Dungeon Overview and Level Annotations

Branches:
Dungeon (5/15)
 Temple: D:4-7

Altars:
Gozag
Nemelex Xobeh
Pakellas
Qazlal
Sif Muna
Vehumet
Zin


Innate Abilities, Weirdness & Mutations

You can spit globs of burning liquid.
You can ignite nearby creatures when you spit burning liquid.
Your weird mottled scales are hard (AC +6).
Your body does not fit into most forms of armour.
You are cold-blooded and may be slowed by cold attacks.


Message History

You hit the worker ant.
The worker ant is severely wounded.
The worker ant bites you but does no damage.
You hit the worker ant.
Your tail-slap misses the worker ant.
The worker ant is almost dead.
The worker ant bites you but does no damage.
You barely miss the worker ant.
You tail-slap the worker ant, but do no damage.
The worker ant is almost dead.
You feel sick. The worker ant barely misses you.
The worker ant bites you but does no damage.
You barely miss the worker ant.
The worker ant is almost dead.
The worker ant bites you.
You hit the worker ant.
You kill the worker ant!
Pakellas accepts your kill.
No target in view!
No target in view!
Are you sure you want to abandon this character and quit the game? (Confirm with "yes".)

...........(####..###...#
............(.........#>#
.........................
.....>......#....######.#
.................# #.#
.##.........#.### #.#
....####......## #)#
##...#####..#..#### #.#
...<..)@....÷.....####.#
##....†...............).
#................##....
...!....................
#.#..........#####......
# #..........# #..(...
............#####......
.......................
..$......######......


There were no monsters in sight!

Vanquished Creatures
  An ice beast (D:5)
  A centaur (D:5)
  An orc priest (D:5)
  2 orc wizards (D:4)
  A hound (D:4)
  2 giant frog skeletons (D:5)
  3 worker ants
  7 adders
  2 worms (D:2)
  2 giant geckos
  13 orcs
  A ball python (D:2)
  3 giant cockroaches
  6 goblins
  11 hobgoblins
  7 jackals (D:1)
  10 kobolds
  4 quokkas
  8 bats
  A giant gecko skeleton (D:4)
  7 giant newts
  A jackal skeleton (D:4)
  A quokka zombie (D:5)
  7 rats
102 creatures vanquished.

Vanquished Creatures (collateral kills)
  An orc wizard (D:3)
  An adder (D:5)
  An orc (D:3)
  A giant cockroach (D:5)
4 creatures vanquished.

Vanquished Creatures (others)
  An ogre (D:5)
  An orc (D:3)
2 creatures vanquished.

Grand Total: 108 creatures vanquished

Notes
Turn   | Place    | Note
--------------------------------------------------------------
     0 | D:1      | namelastname112 the Draconian Artificer began the quest for the Orb.
     0 | D:1      | Reached XP level 1. HP: 16/16 MP: 3/3
   199 | D:1      | Reached XP level 2. HP: 14/24 MP: 4/4
  1035 | D:1      | Reached XP level 3. HP: 29/29 MP: 5/5
  1646 | D:2      | Reached skill level 1 in Axes
  1946 | D:2      | Found a deep blue altar of Sif Muna.
  1993 | D:2      | Reached skill level 4 in Evocations
  1993 | D:2      | Reached XP level 4. HP: 13/36 MP: 5/7
  3067 | D:3      | Reached XP level 5. HP: 4/42 MP: 8/8
  3524 | D:3      | Found a radiant altar of Vehumet.
  3528 | D:3      | Found a stormy altar of Qazlal.
  3804 | D:3      | Found an oddly glowing altar of Pakellas.
  3804 | D:3      | Found a sparkling altar of Nemelex Xobeh.
  3818 | D:3      | Became a worshipper of Pakellas the Inventive
  4584 | D:4      | Found an opulent altar of Gozag.
  4585 | D:4      | Found a glowing silver altar of Zin.
  4918 | D:4      | Reached XP level 6. HP: 27/50 MP: 9/9
  5246 | D:4      | Reached skill level 5 in Evocations
  5427 | D:5      | Entered Level 5 of the Dungeon
  5785 | D:5      | Reached * piety under Pakellas
  6001 | D:5      | Noticed an ice beast
  6004 | D:5      | Killed an ice beast
  6004 | D:5      | Reached XP level 7. HP: 57/57 MP: 11/11
  6004 | D:5      | Your scales start taking on a weird mottled colour.
  6047 | D:5      | Quit the game

Vault maps used:
D:1:      lightli_iron_boxes
D:2:      led_sif_pool
D:3:      fiery_altar_vehumet, gammafunk_temple_overflow_wave,
          minmay_misc_feat_enclosed, grunt_qazlal_clouds
D:4:      grunt_temple_overflow_gold_and_silver
D:5:      grunt_temple_overflow_champion_of_chaos, first_bread

Action                   |  1- 3 |  4- 6 |  7- 9 || total
-------------------------+-------+-------+-------++-------
Melee: Short sword       |   185 |    47 |       ||   232
       Hand axe          |       |   227 |    21 ||   248
Evoke: Wand              |     1 |    12 |     1 ||    14
 Stab: Sleeping          |     4 |     2 |       ||     6
       Distracted        |     1 |       |       ||     1
  Eat: Chunk             |     3 |    18 |       ||    21
       Pizza             |       |     1 |       ||     1
